 Dungeon Crawl Stone Soup version 0.26-a0-833-g7262b39652 (webtiles) character file.

Game seed: 12066524964099152200

0 Gargoyl the Skirmisher (level 1, -6/23 HPs)
             Began as a Gnoll Abyssal Knight on Nov 16, 2020.
             Was a Follower of Lugonu.
             Mangled by a small abomination (7 damage)
             ... on level 1 of the Abyss.
             The game lasted 00:00:23 (96 turns).

Gargoyl the Skirmisher (Gnoll Abyssal Knight)         Turns: 96, Time: 00:00:23

Health: -6/23      AC:  6    Str: 14    XL:     1   Next: 0%
Magic:  0/3        EV: 11    Int: 14    God:    Lugonu [*.....]
Gold:   6          SH:  0    Dex: 14    Spells: 0/0 levels left

rFire    . . .     SeeInvis .   a - +1 hand axe
rCold    . . .     Faith    .   (no shield)
rNeg     . . .     Spirit   .   c - +0 ring mail
rPois    .         Reflect  .   (no helmet)
rElec    .         Harm     .   (no cloak)
rCorr    .         Rampage  .   (no gloves)
MR       .....                  (no boots)
Stlth    +.........             (no amulet)
HPRegen  0.07/turn              (no ring)
MPRegen  0.08/turn              (no ring)

@: no status effects
A: distributed training, fangs 1, strong nose
a: Depart the Abyss, Renounce Religion


You were on level 1 of the Abyss.
You worshipped Lugonu.
Lugonu was aware of your devotion.
You visited 0 branches of the dungeon, and saw 0 of its levels.
You visited the Abyss 1 time.

You collected 6 gold pieces.

Inventory:

Hand Weapons
 a - a +1 hand axe (weapon)
Armour
 c - a +0 ring mail (worn)


   Skills:
 + Level 6.4 Fighting
 + Level 0.0 Short Blades
 + Level 0.0 Long Blades
 + Level 4.4 Axes
 + Level 0.0 Maces & Flails
 + Level 0.0 Polearms
 + Level 0.0 Staves
 + Level 0.0 Slings
 + Level 0.0 Bows
 + Level 0.0 Crossbows
 + Level 0.0 Throwing
 + Level 4.4 Armour
 + Level 2.3 Dodging
 + Level 0.0 Stealth
 + Level 0.0 Shields
 + Level 0.0 Unarmed Combat
 + Level 0.0 Spellcasting
 + Level 0.0 Conjurations
 + Level 0.0 Hexes
 + Level 0.0 Summonings
 + Level 0.0 Necromancy
 + Level 0.0 Translocations
 + Level 0.0 Transmutations
 + Level 0.0 Fire Magic
 + Level 0.0 Ice Magic
 + Level 0.0 Air Magic
 + Level 0.0 Earth Magic
 + Level 0.0 Poison Magic
 + Level 4.4 Invocations
 + Level 0.0 Evocations


You couldn't memorise any spells.
You didn't know any spells.
Your spell library was empty.

Dungeon Overview and Level Annotations

Branches:
Dungeon (0/15)

Altars:


Innate Abilities, Weirdness & Mutations

Your experience applies equally to all skills.
You have very sharp teeth.
Your uncanny sense of smell can sniff out nearby items.


Message History

The puff of frost hits you.
An eye of draining comes into view.
The eye of draining turns its gaze towards you.
The eye of draining gazes at you.
You feel your power leaking away.
Found a scroll labelled RUENWUXUNI.
The eye of draining gazes at you.
A balrug comes into view. It is wielding a +3 demon whip of pain.
The balrug shouts!
The balrug gestures at you. Something smites you!
Ouch! That really hurt!
* * * LOW HITPOINT WARNING * * *
The eye of draining gazes at you.
Unknown command.
You enter the shallow water.
Moving in this stuff is going to be slow.
Unknown command.
The small abomination hits you!
You die...

...##..#.##...
.# . ##
##...#...#..
## ..
##.......#.# .
. .##.
#.........## .
#.
.##....#####
## . ∆ #
#....5#.....
#...G.≈##
##≈≈#.x.#
#≈?≈2≈@#
..≈≈..≈..## ∆
#≈#≈≈.≈#..
≈.≈.#≈≈≈####
≈......≈
##...#. ..##..
##


You could see a balrug, an eye of draining, a small abomination and a white imp.

Vanquished Creatures (others)
  4 starspawn tentacles (Abyss:1)
4 creatures vanquished.

Notes
Turn   | Place    | Note
-------+----------+-------------------------------------------
     0 | Abyss:1  | Gargoyl the Gnoll Abyssal Knight began the quest for the
                  | Orb.
     0 | Abyss:1  | Reached XP level 1. HP: 23/23 MP: 3/3
    52 | Abyss:1  | Noticed a tentacled starspawn
    73 | Abyss:1  | Noticed a small abomination
    88 | Abyss:1  | Noticed an eye of draining
    93 | Abyss:1  | Noticed a balrug
    94 | Abyss:1  | HP: 1/23 [balrug/divine providence (12)]
    96 | Abyss:1  | Mangled by a small abomination

Illustrated notes

Levels and vault maps discovered:
Abyss:1:  base: Temple, gammafunk_abyss_exit_x_factor, base:
Temple

Table legend: (Time is in decaauts)
 A = Elapsed time spent in this place.
 B = Non-inter-level travel time spent in this place.
 C = Inter-level travel time spent in this place.
 D = Time resting spent in this place.
 E = Time spent auto-exploring this place.
 F = Levels seen in this place.
 G = Mean time per level.
                   A        B        C        D        E       F      G
               +--------+--------+--------+--------+--------+-----+--------+
         Total |     96 |     96 |      0 |      0 |     38 |   1 |   96.0 |
         Abyss |     96 |     96 |      0 |      0 |     38 |   1 |   96.0 |
               +--------+--------+--------+--------+--------+-----+--------+

Top non-repeatable levels by time:
 Abyss:1: 96 daAuts
